General information
- name: BNet
- type: Ladder team game (AT/RT)
- host: Battle.net
- saver: butter15
map: Dragonblight
- players: 6
- length: 37:00
- speed: Fast
- version: 1.26 W3XP
- replay type:

» download(269 KB)
Players
team 1 (winner)
butter15 (
blue | 122 APM | 4525 actions | 37:00)
6 Warden
3 Shadow Strike
3 Blink
4 Pandaren Brewmaster
2 Breath of Fire
1 Drunken Haze
1 Drunken Brawler
» actions
| Assign group hotkey | 17 | |
| Basic commands | 6 | |
| Build / train | 76 | |
| Enter build submenu | 29 | |
| Enter hero's abilities submenu | 11 | |
| Give item / drop item | 1 | |
| Remove unit from queue | 1 | |
| Right click | 3043 | |
| Select / deselect | 435 | |
| Select group hotkey | 729 | |
| Use ability | 177 | |
4525 total
» units
| Wisp | 19 | |
| Hippogryph | 4 | |
| Blue Dragon | 8 | |
31 total
» upgrades
| Ultravision | 1 | |
| Nature's Blessing | 1 | |
| Well Spring | 1 | |
| Strength of the Wild | 3 | |
| Reinforced Hides | 3 | |
9 total
» buildings
| Altar of Elders | 1 | |
| Moon Well | 32 | |
| Tree of Ages | 3 | |
| Hunter's Hall | 1 | |
| Tree of Eternity | 1 | |
| Tree of Life | 2 | |
| Ancient of Wind | 2 | |
42 total
» build order
00:19 Altar of Elders
00:22 Moon Well
01:06 Moon Well
05:24 Tree of Ages
05:24 Tree of Ages
05:25 Tree of Ages
06:08 Hunter's Hall
08:51 Tree of Eternity
09:45 Moon Well
09:45 Moon Well
09:46 Moon Well
09:46 Moon Well
10:47 Moon Well
10:48 Moon Well
11:22 Tree of Life
11:39 Moon Well
12:45 Moon Well
13:08 Moon Well
13:10 Moon Well
13:16 Ancient of Wind
13:44 Ancient of Wind
15:11 Moon Well
15:12 Moon Well
16:55 Moon Well
16:56 Moon Well
16:57 Moon Well
16:58 Moon Well
20:59 Moon Well
21:00 Moon Well
22:11 Moon Well
22:13 Moon Well
22:14 Moon Well
22:26 Tree of Life
23:42 Moon Well
23:42 Moon Well
23:43 Moon Well
29:21 Moon Well
29:22 Moon Well
29:23 Moon Well
29:23 Moon Well
29:25 Moon Well
29:25 Moon Well
» items
| Healing Salve | 2 | |
| Lesser Clarity Potion | 2 | |
| Boots of Speed | 4 | |
| Staff of Teleportation | 2 | |
| Orb of Lightning | 2 | |
| Staff of Sanctuary | 2 | |
14 total
iggy_the_fisk (
yellow | 118 APM | 4364 actions | 37:00)
4 Archmage
2 Brilliance Aura
2 Blizzard
5 Mountain King
3 Storm Bolt
2 Bash
4 Paladin
2 Holy Light
2 Divine Shield
» actions
| Assign group hotkey | 263 | |
| Basic commands | 42 | |
| Build / train | 136 | |
| Enter build submenu | 114 | |
| Enter hero's abilities submenu | 15 | |
| Give item / drop item | 4 | |
| Remove unit from queue | 1 | |
| Right click | 2075 | |
| Select / deselect | 434 | |
| Select group hotkey | 965 | |
| Use ability | 315 | |
4364 total
» units
» upgrades
| Masonry | 3 | |
| Lumber Harvesting | 2 | |
| Magic Sentry | 1 | |
| Sorceress Training | 2 | |
8 total
» buildings
| Altar of Kings | 3 | |
| Farm | 7 | |
| Lumber Mill | 1 | |
| Scout Tower | 111 | |
| Arcane Tower | 14 | |
| Guard Tower | 61 | |
| Keep | 1 | |
| Arcane Vault | 4 | |
| Castle | 1 | |
| Arcane Sanctum | 1 | |
204 total
» build order
00:20 Altar of Kings
00:35 Farm
01:06 Farm
01:14 Lumber Mill
01:35 Scout Tower
01:38 Scout Tower
01:45 Farm
01:55 Scout Tower
01:58 Scout Tower
02:11 Scout Tower
02:13 Scout Tower
02:20 Arcane Tower
02:21 Arcane Tower
02:30 Scout Tower
02:39 Guard Tower
02:41 Scout Tower
02:42 Guard Tower
02:44 Scout Tower
02:49 Arcane Tower
02:50 Arcane Tower
02:50 Arcane Tower
02:50 Arcane Tower
03:03 Guard Tower
03:04 Scout Tower
03:18 Guard Tower
03:19 Scout Tower
03:42 Guard Tower
03:47 Scout Tower
03:51 Scout Tower
03:56 Guard Tower
03:58 Scout Tower
03:59 Guard Tower
04:01 Scout Tower
04:02 Scout Tower
04:05 Scout Tower
04:13 Guard Tower
04:13 Guard Tower
04:34 Scout Tower
04:51 Guard Tower
04:56 Keep
04:59 Guard Tower
05:01 Scout Tower
05:01 Scout Tower
05:04 Scout Tower
05:06 Guard Tower
05:07 Scout Tower
05:39 Guard Tower
05:43 Scout Tower
05:56 Guard Tower
06:00 Scout Tower
06:17 Guard Tower
06:19 Scout Tower
06:19 Scout Tower
06:22 Scout Tower
06:23 Scout Tower
06:27 Arcane Vault
06:29 Arcane Vault
06:31 Guard Tower
06:45 Guard Tower
06:47 Scout Tower
06:48 Scout Tower
07:14 Farm
07:16 Guard Tower
07:18 Castle
07:28 Guard Tower
07:29 Guard Tower
07:33 Scout Tower
07:34 Guard Tower
07:37 Scout Tower
07:38 Scout Tower
08:04 Guard Tower
08:06 Scout Tower
08:08 Scout Tower
08:20 Scout Tower
08:21 Scout Tower
08:43 Guard Tower
08:45 Scout Tower
08:47 Arcane Tower
08:47 Guard Tower
08:48 Guard Tower
08:50 Scout Tower
08:52 Scout Tower
09:08 Guard Tower
09:13 Scout Tower
09:23 Arcane Tower
09:23 Guard Tower
09:33 Scout Tower
09:34 Scout Tower
09:36 Guard Tower
09:40 Arcane Vault
09:49 Guard Tower
10:07 Guard Tower
10:10 Scout Tower
11:16 Scout Tower
11:17 Scout Tower
11:17 Scout Tower
11:18 Scout Tower
11:23 Arcane Sanctum
11:36 Farm
11:41 Arcane Tower
11:42 Guard Tower
11:48 Scout Tower
11:49 Scout Tower
12:27 Scout Tower
12:28 Scout Tower
12:30 Arcane Tower
12:31 Guard Tower
12:37 Scout Tower
12:38 Scout Tower
12:55 Scout Tower
12:55 Guard Tower
13:03 Scout Tower
13:03 Scout Tower
13:04 Scout Tower
13:05 Scout Tower
13:06 Scout Tower
13:06 Scout Tower
13:09 Scout Tower
13:10 Scout Tower
13:10 Scout Tower
13:11 Scout Tower
13:19 Guard Tower
13:21 Scout Tower
13:22 Scout Tower
13:23 Scout Tower
14:03 Guard Tower
14:15 Arcane Tower
14:16 Guard Tower
14:35 Scout Tower
14:46 Arcane Tower
14:47 Guard Tower
14:57 Guard Tower
15:01 Scout Tower
15:08 Guard Tower
15:17 Guard Tower
15:30 Guard Tower
15:37 Guard Tower
15:39 Scout Tower
15:55 Guard Tower
15:58 Scout Tower
15:59 Scout Tower
16:02 Scout Tower
16:23 Guard Tower
16:25 Scout Tower
16:33 Guard Tower
16:35 Scout Tower
16:39 Scout Tower
17:06 Guard Tower
17:09 Scout Tower
17:11 Scout Tower
17:12 Scout Tower
17:14 Scout Tower
17:15 Scout Tower
17:16 Scout Tower
17:17 Scout Tower
18:40 Guard Tower
19:18 Scout Tower
19:20 Guard Tower
19:34 Guard Tower
19:40 Scout Tower
20:02 Arcane Vault
20:16 Scout Tower
20:23 Guard Tower
20:59 Guard Tower
21:42 Scout Tower
21:53 Scout Tower
22:01 Arcane Tower
22:12 Guard Tower
22:19 Scout Tower
22:36 Arcane Tower
22:50 Scout Tower
22:50 Scout Tower
22:51 Scout Tower
22:52 Scout Tower
22:56 Guard Tower
22:58 Scout Tower
22:59 Scout Tower
23:28 Guard Tower
25:23 Guard Tower
25:28 Scout Tower
25:29 Scout Tower
25:46 Guard Tower
25:49 Scout Tower
25:50 Scout Tower
25:53 Scout Tower
25:56 Scout Tower
25:57 Scout Tower
25:58 Scout Tower
25:59 Scout Tower
25:59 Scout Tower
26:00 Scout Tower
27:03 Altar of Kings
27:04 Guard Tower
29:25 Altar of Kings
29:32 Scout Tower
29:34 Scout Tower
29:35 Scout Tower
29:42 Scout Tower
30:19 Guard Tower
31:01 Guard Tower
31:13 Farm
31:15 Farm
31:28 Guard Tower
35:16 Guard Tower
» items
| Boots of Speed | 3 | |
| Healing Salve | 1 | |
| Staff of Teleportation | 3 | |
| Orb of Lightning | 4 | |
| Staff of Sanctuary | 2 | |
13 total
timg4strok (
teal | 116 APM | 4274 actions | 36:59)
6 Blademaster
2 Wind Walk
3 Critical Strike
1 Bladestorm
4 Pit Lord
2 Rain of Fire
1 Cleaving Attack
1 Howl of Terror
3 Goblin Tinker
2 Cluster Rockets
1 Engineering Upgrade
» actions
| Assign group hotkey | 20 | |
| Basic commands | 38 | |
| Build / train | 74 | |
| ESC pressed | 7 | |
| Enter build submenu | 40 | |
| Enter hero's abilities submenu | 15 | |
| Give item / drop item | 15 | |
| Right click | 2314 | |
| Select / deselect | 277 | |
| Select group hotkey | 1258 | |
| Use ability | 215 | |
4274 total
» units
» upgrades
| Ranged Weapons | 3 | |
| Reinforced Defenses | 1 | |
| Liquid Fire | 1 | |
| Armor | 3 | |
8 total
» buildings
| Altar of Storms | 1 | |
| Orc Burrow | 5 | |
| Voodoo Lounge | 3 | |
| War Mill | 1 | |
| Stronghold | 1 | |
| Watch Tower | 23 | |
| Fortress | 1 | |
| Beastiary | 2 | |
| Great Hall | 2 | |
| Barracks | 1 | |
40 total
» build order
00:05 Altar of Storms
00:13 Orc Burrow
01:00 Voodoo Lounge
01:38 Orc Burrow
01:42 Orc Burrow
02:09 Voodoo Lounge
03:55 War Mill
04:33 Voodoo Lounge
04:57 Stronghold
05:32 Watch Tower
05:34 Watch Tower
05:35 Watch Tower
05:38 Watch Tower
05:39 Watch Tower
07:20 Fortress
10:02 Beastiary
10:02 Beastiary
10:05 Orc Burrow
10:51 Watch Tower
10:56 Watch Tower
10:58 Watch Tower
11:00 Watch Tower
11:05 Great Hall
11:27 Orc Burrow
11:31 Watch Tower
11:31 Watch Tower
11:32 Watch Tower
12:32 Watch Tower
12:36 Watch Tower
12:36 Watch Tower
14:47 Watch Tower
14:47 Watch Tower
14:48 Watch Tower
16:12 Great Hall
18:14 Watch Tower
18:14 Watch Tower
18:15 Watch Tower
18:16 Watch Tower
18:21 Watch Tower
31:12 Barracks
» items
| Healing Salve | 2 | |
| Lesser Clarity Potion | 3 | |
| Scroll of Speed | 1 | |
| Staff of Teleportation | 3 | |
| Boots of Speed | 3 | |
| Dust of Appearance | 1 | |
| Orb of Lightning | 2 | |
| Staff of Sanctuary | 3 | |
18 total
team 2 (loser)
BoM.BoRa (
purple | 29 APM | 1049 actions | 36:41)
5 Priestess of the Moon
3 Trueshot Aura
2 Searing Arrows
» actions
| Assign group hotkey | 4 | |
| Basic commands | 56 | |
| Build / train | 82 | |
| Enter build submenu | 20 | |
| Enter hero's abilities submenu | 6 | |
| Remove unit from queue | 1 | |
| Right click | 469 | |
| Select / deselect | 341 | |
| Select group hotkey | 37 | |
| Use ability | 33 | |
1049 total
» units
| Wisp | 32 | |
| Huntress | 4 | |
| Hippogryph | 7 | |
| Chimaera | 20 | |
| Glaive Thrower | 2 | |
65 total
» upgrades
| Reinforced Hides | 3 | |
| Strength of the Wild | 3 | |
| Corrosive Breath | 1 | |
7 total
» buildings
| Altar of Elders | 1 | |
| Moon Well | 8 | |
| Hunter's Hall | 1 | |
| Ancient of War | 2 | |
| Tree of Ages | 1 | |
| Tree of Eternity | 1 | |
| Ancient of Wind | 1 | |
| Chimaera Roost | 2 | |
| Tree of Life | 3 | |
| Ancient Protector | 2 | |
22 total
» build order
00:07 Altar of Elders
00:18 Moon Well
01:29 Hunter's Hall
01:42 Ancient of War
01:53 Moon Well
02:14 Ancient of War
03:18 Tree of Ages
04:38 Moon Well
05:40 Tree of Eternity
05:43 Ancient of Wind
08:07 Chimaera Roost
08:09 Chimaera Roost
09:13 Moon Well
10:35 Tree of Life
10:41 Ancient Protector
10:53 Ancient Protector
11:42 Moon Well
16:27 Moon Well
19:33 Moon Well
19:42 Moon Well
29:14 Tree of Life
31:12 Tree of Life
» items
| Potion of Lesser Invulnerability | 1 | |
1 total

»
KILLER765 (
green | 45 APM | 1651 actions | 36:59)
4 Paladin
2 Holy Light
2 Divine Shield
» actions
| Build / train | 100 | |
| Enter build submenu | 36 | |
| Enter hero's abilities submenu | 5 | |
| Give item / drop item | 1 | |
| Remove unit from queue | 5 | |
| Right click | 926 | |
| Select / deselect | 517 | |
| Use ability | 61 | |
1651 total
» units
| Peasant | 14 | |
| Footman | 7 | |
| Siege Engine | 19 | |
| Goblin Zeppelin | 1 | |
| Flying Machine | 23 | |
| Frost Revenant | 1 | |
65 total
» upgrades
| Defend | 1 | |
| Gunpowder | 3 | |
| Plating | 2 | |
| Barrage | 1 | |
| Magic Sentry | 1 | |
| Flak Cannons | 1 | |
| Flying Machine Bombs | 1 | |
10 total
» buildings
| Farm | 9 | |
| Altar of Kings | 1 | |
| Barracks | 2 | |
| Lumber Mill | 1 | |
| Scout Tower | 9 | |
| Guard Tower | 7 | |
| Keep | 1 | |
| Arcane Vault | 1 | |
| Blacksmith | 1 | |
| Castle | 1 | |
| Workshop | 3 | |
| Arcane Sanctum | 1 | |
| Town Hall | 1 | |
| Arcane Tower | 1 | |
| Cannon Tower | 0 | |
39 total
» build order
00:26 Farm
00:37 Altar of Kings
00:58 Barracks
01:15 Farm
02:04 Lumber Mill
02:33 Barracks
02:41 Farm
03:12 Scout Tower
03:48 Scout Tower
03:59 Guard Tower
04:03 Farm
04:07 Farm
04:27 Guard Tower
04:30 Scout Tower
05:01 Guard Tower
06:24 Keep
06:27 Farm
06:29 Farm
07:26 Farm
07:28 Farm
07:33 Arcane Vault
09:40 Blacksmith
10:00 Castle
10:31 Workshop
10:33 Workshop
10:42 Arcane Sanctum
16:38 Town Hall
16:40 Scout Tower
17:57 Scout Tower
17:59 Guard Tower
19:21 Guard Tower
21:39 Scout Tower
23:18 Arcane Tower
23:22 Scout Tower
27:09 Guard Tower
29:07 Workshop
29:15 Scout Tower
31:13 Cannon Tower
31:16 Guard Tower
32:45 Scout Tower
» items
| Boots of Speed | 1 | |
| Periapt of Vitality | 1 | |
| Scroll of Regeneration | 1 | |
| Potion of Healing | 1 | |
| Potion of Mana | 1 | |
5 total
Vengeli (
orange | 98 APM | 3617 actions | 36:55)
5 Far Seer
3 Feral Spirit
2 Chain Lighting
1 Tauren Chieftain
1 Endurance Aura
» actions
| Assign group hotkey | 79 | |
| Basic commands | 3 | |
| Build / train | 164 | |
| ESC pressed | 1 | |
| Enter build submenu | 60 | |
| Enter hero's abilities submenu | 6 | |
| Remove unit from queue | 4 | |
| Right click | 1775 | |
| Select / deselect | 428 | |
| Select group hotkey | 987 | |
| Use ability | 109 | |
3617 total
» units
| Peon | 30 | |
| Grunt | 14 | |
| Troll Headhunter/Berserker | 7 | |
| Demolisher | 6 | |
| Wind Rider | 33 | |
| Troll Batrider | 19 | |
| Raider | 1 | |
| Tauren | 7 | |
117 total
» upgrades
| Pillage | 1 | |
| Ranged Weapons | 3 | |
| Spiked Barricades | 2 | |
| Armor | 2 | |
| Melee Weapons | 1 | |
| Envenomed Spears | 1 | |
| Pulverize | 1 | |
| Burning Oil | 1 | |
| Reinforced Defenses | 1 | |
| Liquid Fire | 1 | |
14 total
» buildings
| Orc Burrow | 7 | |
| Altar of Storms | 1 | |
| Barracks | 1 | |
| War Mill | 1 | |
| Voodoo Lounge | 1 | |
| Stronghold | 1 | |
| Watch Tower | 26 | |
| Great Hall | 2 | |
| Beastiary | 3 | |
| Fortress | 2 | |
| Tauren Totem | 3 | |
48 total
» build order
00:03 Orc Burrow
00:05 Altar of Storms
00:07 Barracks
01:41 Orc Burrow
02:30 War Mill
02:52 Voodoo Lounge
06:11 Stronghold
06:14 Watch Tower
06:35 Orc Burrow
08:27 Watch Tower
09:24 Great Hall
10:29 Watch Tower
10:48 Orc Burrow
11:36 Watch Tower
12:19 Watch Tower
12:41 Watch Tower
12:58 Beastiary
13:43 Watch Tower
14:19 Great Hall
15:07 Beastiary
15:42 Orc Burrow
15:44 Orc Burrow
15:55 Watch Tower
15:57 Orc Burrow
17:30 Watch Tower
22:43 Fortress
22:44 Fortress
22:48 Beastiary
25:19 Tauren Totem
25:20 Tauren Totem
25:45 Tauren Totem
30:19 Watch Tower
30:21 Watch Tower
30:26 Watch Tower
31:11 Watch Tower
31:20 Watch Tower
31:47 Watch Tower
32:10 Watch Tower
33:14 Watch Tower
33:14 Watch Tower
33:14 Watch Tower
33:15 Watch Tower
33:18 Watch Tower
33:19 Watch Tower
33:19 Watch Tower
33:19 Watch Tower
33:20 Watch Tower
33:20 Watch Tower
» items
| Healing Salve | 2 | |
| Lesser Clarity Potion | 1 | |
| Dust of Appearance | 1 | |
| Scroll of Town Portal | 1 | |
| Potion of Healing | 1 | |
| Potion of Invisibility | 1 | |
7 total
Chat log
(05:26 / All) BoM.BoRa: blues hero
(21:02 / All) butter15: please
(21:04 / All) butter15: be careful
(24:05 / All) butter15: are you multibox
(24:22 / All) BoM.BoRa: nope
(24:38 / All) butter15: just 30apm each?
(24:44 / All) BoM.BoRa: ^^
(29:02 / All) butter15: wowowow
(29:07 / All) BoM.BoRa: lol
(32:43 / Allies) timg4strok: my mumble is broke
(34:22 / All) butter15: 1 sec pizza
(34:23 / All) butter15: grunt pizza
(34:29 / All) BoM.BoRa: nothings happening in 1 sec ^^
(34:30 / All) timg4strok: whats ure fave topping mines orc
(34:32 / All) butter15: *grunts* pizza
(34:42 / All) BoM.BoRa: i dont get it t.t
(34:57 / All) butter15: from??
(34:57 / All) timg4strok: grunt grunt
(35:01 / All) BoM.BoRa: Ak
(35:04 / All) butter15: alaska....
(35:07 / All) BoM.BoRa: ya
(36:38 / All) BoM.BoRa: gg
(36:41 / All) butter15: nerds